 Dungeon Crawl Stone Soup version 0.29.1-15-g9cfb28693d (webtiles) character file.

Game seed: 8149857003069174843

183040 croobank the Unforgettable (level 17, -19/111 HPs)
             Began as a Demonspawn Fire Elementalist on Apr 19, 2023.
             Was the Champion of Hepliaklqana.
             Killed from afar by a deep elf knight (39 damage)
             ... with a shard of ice
             ... on level 2 of the Elven Halls on Apr 20, 2023.
             The game lasted 03:08:59 (47052 turns).

croobank the Unforgettable (DsFE)                  Turns: 47052, Time: 03:09:00

Health: -19/111    AC: 19    Str: 14    XL:     17   Next: 36%
Magic:  0/12       EV: 17    Int: 27    God:    Hepliaklqana [******]
Gold:   96         SH:  0    Dex: 26    Spells: 3/33 levels left

rFire   + + .      SeeInvis +   r - +5 short sword "Nupoc" {antimagic, rElec Str+4 Dex+4}
rCold   . . .      Faith    .   (no shield)
rNeg    . . .      Spirit   +   K - +0 ring mail "Hokhlitwe" {Regen+ Str+4 Int+4}
rPois   .          Reflect  .   d - +2 helmet
rElec   +          Harm     .   (no cloak)
rCorr   +          Rampage  .   t - +2 pair of gloves
Will    +....                   (boots unavailable)
Stlth   ++++......              h - amulet "Hatust" {Spirit Regen+ Str-4 Dex+8 SInv}
HPRegen 1.88/turn               c - ring "Ema Rurch" {rF++ rCorr Slay+4}
MPRegen 0.13/turn               W - ring of magical power

@: sanguine armoured
A: reduced essence, hooves 3, powered by death 2, spiny 2, sanguine armour 1
}: 1/15 runes: serpentine
a: Renounce Religion, Recall Ancestor, Ancestor Identity, Transference, Idealise


You were on level 2 of the Elven Halls.
You worshipped Hepliaklqana.
Hepliaklqana was exalted by your worship.
You visited 6 branches of the dungeon, and saw 29 of its levels.
You also visited: Bailey and Volcano.

You collected 2501 gold pieces.
You spent 2405 gold pieces at shops.

Inventory:

Hand Weapons
 a - the +4 halberd of Ecvin {drain, Contam Will+ Str+3 Int+4}
   (You took it off a salamander on level 3 of the Snake Pit)

   A truly terrible weapon, it drains the life of any living foe it strikes.
   Str:       It affects your strength (+3).
   Int:       It affects your intelligence (+4).
   Contam:    It causes magical contamination when unequipped.
   Will:      It increases your willpower.
 f - a +9 flail of venom
 q - a +4 scimitar of flaming
 r - the +5 short sword "Nupoc" (weapon) {antimagic, rElec Str+4 Dex+4}
   (You found it on level 4 of the Snake Pit)

   It reduces the magical energy of the wielder, and disrupts the spells and
   magical abilities of those it strikes.
   Natural abilities and divine invocations are not affected.
   Str:       It affects your strength (+4).
   Dex:       It affects your dexterity (+4).
   rElec:     It insulates you from electricity.
 D - the +9 staff of Olgreb {rPois∞}
   (You found it on level 10 of the Dungeon)

   If the wielder is skilled in Evocations, they can envenom those struck by it,
   dealing poison damage which bypasses armour.
   It enhances your poison magic.
   It grants immunity to poison.
   It can be activated via the 'a'bility menu to radiate toxic energy, with
   effectiveness depending on Evocations skill.
 M - a +5 vorpal morningstar
Missiles
 H - 3 curare-tipped darts
 J - 2 silver javelins
Armour
 d - a +2 helmet (worn)
 t - a +2 pair of gloves (worn)
 G - the +1 robe of Bemihiah {rElec Str+4 Int-3 SInv}
   (You found it on level 1 of the Lair of Beasts)

   Str:       It affects your strength (+4).
   Int:       It affects your intelligence (-3).
   rElec:     It insulates you from electricity.
   SInv:      It lets you see invisible.
 K - the +0 ring mail "Hokhlitwe" (worn) {Regen+ Str+4 Int+4}
   (You took it off an orc on level 8 of the Dungeon)

   Str:       It affects your strength (+4).
   Int:       It affects your intelligence (+4).
   Regen:     It increases your rate of health regeneration.
 S - a +0 robe of willpower
Magical Staves
 X - a staff of fire
Jewellery
 b - a +6 ring of intelligence
 c - the ring "Ema Rurch" (left hand) {rF++ rCorr Slay+4}
   (You bought it in a shop on level 2 of the Orcish Mines)

   [ring of slaying]

   Slay:      It affects your accuracy & damage with ranged weapons and melee
   (+4).
   rF:        It greatly protects you from fire.
   rCorr:     It protects you from acid and corrosion.
 h - the amulet "Hatust" (around neck) {Spirit Regen+ Str-4 Dex+8 SInv}
   (You acquired it in a bailey)

   [amulet of guardian spirit]

   It causes incoming damage to be divided between your reserves of health and
   magic.
   Str:       It affects your strength (-4).
   Dex:       It affects your dexterity (+8).
   SInv:      It lets you see invisible.
   Regen:     It increases your rate of health regeneration.
 i - an amulet of reflection
 k - a ring of poison resistance
 u - a +4 ring of evasion
 y - the ring "Izakhir" {rF+ rC- Str+3 Dex+4}
   (You found it on level 5 of the Dungeon)

   [ring of protection from fire]

   Str:       It affects your strength (+3).
   Dex:       It affects your dexterity (+4).
   rF:        It protects you from fire.
   rC:        It makes you vulnerable to cold.
 Q - a ring of protection from cold
 W - a ring of magical power (right hand)
Wands
 n - a wand of paralysis (29)
 s - a wand of mindburst (17)
 L - a wand of iceblast (8)
 R - a wand of flame (3)
Scrolls
 m - 10 scrolls of identify
 v - 2 scrolls of poison
 w - 4 scrolls of butterflies
 A - a scroll of blinking
 C - 5 scrolls of teleportation
 I - 3 scrolls of fear
 T - 2 scrolls of silence
 V - 2 scrolls of vulnerability
 Y - 5 scrolls of brand weapon
 Z - 3 scrolls of magic mapping
Potions
 e - 3 potions of flight
 g - 6 potions of cancellation
 j - 4 potions of invisibility
 l - 3 potions of brilliance
 o - 2 potions of haste
 p - 4 potions of attraction
 x - 12 potions of curing
 z - a potion of ambrosia
 N - 4 potions of might
 O - 3 potions of mutation
 P - a potion of resistance
Miscellaneous
 B - a lightning rod (4/4)
 F - a phantom mirror


   Skills:
 + Level 8.9 Fighting
 - Level 6.1(7.8) Maces & Flails
 * Level 7.4(8.4) Staves
 - Level 8.3 Armour
 + Level 8.5 Dodging
 + Level 9.2 Stealth
 + Level 8.5 Spellcasting
 + Level 8.9 Conjurations
 - Level 7.0 Hexes
 * Level 12.0 Summonings
 + Level 6.7 Translocations
 + Level 8.7 Fire Magic
 - Level 7.0 Air Magic
 * Level 13.7 Invocations


You had 3 spell levels left.
You knew the following spells:

 Your Spells              Type           Power      Damage    Failure   Level
a - Foxfire               Conj/Fire      100%       2x1d9     1%          1
b - Scorch                Fire           100%       2d10      1%          2
c - Inner Flame           Hex/Fire       52%        N/A       1%          3
d - Call Canine Familiar  Summ           67%        N/A       1%          3
e - Summon Guardian Gole  Hex/Summ       58%        N/A       1%          3
f - Summon Lightning Spi  Summ/Air       58%        N/A       1%          4
g - Summon Mana Viper     Hex/Summ       58%        N/A       4%          5
h - Summon Forest         Summ/Tloc      29%        N/A       5%          5
i - Apportation           Tloc           96%        N/A       1%          1
j - Swiftness             Air            49%        N/A       1%          3

Your spell library contained the following spells:

 Spells                   Type           Power      Damage    Failure   Level
 Magic Dart               Conj           100%       1d8       1%          1
 Shock                    Conj/Air       100%       1d9       1%          1
 Slow                     Hex            100%       N/A       1%          1
 Summon Small Mammal      Summ           100%       N/A       1%          1
 Call Imp                 Summ           67%        N/A       1%          2
 Confusing Touch          Hex            49%        N/A       1%          3
 Conjure Flame            Conj/Fire      56%        6-21      1%          3
 Gell's Gravitas          Tloc           48%        N/A       1%          3
 Teleport Other           Tloc           48%        N/A       1%          3
 Mephitic Cloud           Conj/Pois/Air  40%        N/A       3%          3
 Stone Arrow              Conj/Erth      70%        3d11      4%          3
 Beastly Appendage        Tmut           22%        N/A       9%          1
 Freeze                   Ice            44%        1d6       9%          1
 Necrotise                Necr           44%        1d6       9%          1
 Sandblast                Erth           22%        2d7       9%          1
 Passwall                 Tmut/Erth      9%         N/A       14%         2
 Wereblood                Tmut           11%        N/A       14%         2
 Frozen Ramparts          Ice            22%        1d4       26%         3
 Ozocubu's Armour         Ice            11%        N/A       26%         3
 Spider Form              Tmut/Pois      11%        N/A       26%         3
 Vampiric Draining        Necr           11%        2d6       26%         3
 Flame Wave               Conj/Fire      56%        2d13      2%          4
 Airstrike                Air            24%        2d(4-20)  4%          4
 Cause Fear               Hex            24%        N/A       4%          4
 Animate Armour           Summ/Erth      88%        N/A       8%          4
 Summon Ice Beast         Ice/Summ       44%        N/A       8%          4
 Hailstorm                Conj/Ice       35%        3d9       14%         4
 Freezing Cloud           Conj/Ice/Air   20%        6-21      28%         5
 Monstrous Menagerie      Summ           33%        N/A       47%         7
 Summon Hydra             Summ           33%        N/A       47%         7
 Dispersal                Tloc           24%        N/A       63%         6
 Ice Form                 Ice/Tmut       11%        N/A       65%         4
 Malign Gateway           Summ/Tloc      29%        N/A       85%         7
 Agony                    Necr           11%        N/A       94%         5
 Alistair's Intoxication  Tmut/Pois      7%         N/A       94%         5
 Borgnjor's Vile Clutch   Necr/Erth      5%         N/A       94%         5
 Eringya's Noxious Bog    Tmut/Pois      5%         N/A       100%        6
 Simulacrum               Ice/Necr       5%         N/A       100%        6
 Discord                  Hex            24%        N/A       100%        8
 Polar Vortex             Ice            5%         N/A       100%        9


Dungeon Overview and Level Annotations

Branches:
Dungeon (15/15)            Temple (1/1) D:7            Lair (5/5) D:10
 Shoals (0/4) Lair:2        Snake (4/4) Lair:3        Slime (0/5) Lair:4
    Orc (2/2) D:12            Elf (2/3) Orc:2        Vaults (0/5) D:13
 Depths (0/4) D:15         Bailey (visited)         Volcano (visited)

Altars:
Ashenzari
Cheibriados
Dithmenos
Fedhas
Gozag
Hepliaklqana
Kikubaaqudgha
Makhleb
Nemelex Xobeh
Okawaru
Qazlal
Ru
Sif Muna
Trog
Uskayaw
Vehumet
Wu Jian
Xom
Yredelemnul
Lugonu

Shops:
D:7 =   Orc:2 =*(:   Elf:1 ?   Snake:1 [::(   Snake:3 ?   Snake:4 ?*

Portals:
Abyss: Lair:5


Innate Abilities, Weirdness & Mutations

Your life essence is reduced to manifest your ancestor. (-10% HP)
You have hooves in place of feet.
You regenerate health from kills.
You are mostly covered in sharp spines.
When seriously injured, your blood forms armour. (AC +6)


Message History

The fire elemental disappears in a puff of smoke!
The deep elf knight is struck by your spines.
The deep elf knight closely misses you.
You miss the deep elf knight. You kick the deep elf knight!
The deep elf knight is heavily wounded.
Your blood armour dries and flakes away.
The deep elf knight misses you.
The deep elf zephyrmancer casts a spell.
The deep elf zephyrmancer blinks!
The deep elf knight points at you and mumbles some strange words.
The shard of ice hits you!!
Your blood congeals into armour.
The deep elf zephyrmancer mumbles some strange words.
The deep elf zephyrmancer blinks!
You hit the deep elf knight.
The deep elf knight's magic leaks into the air.
Your kick misses the deep elf knight.
The deep elf knight is heavily wounded.
The deep elf knight hits you but does no damage.
The deep elf knight hits you with a +0 short sword!
You closely miss the deep elf knight. Your kick misses the deep elf knight.
The deep elf knight is heavily wounded.
The deep elf knight's magic is no longer disrupted.
The deep elf knight is struck by your spines.
The deep elf knight hits you with a +0 short sword!
* * * LOW HITPOINT WARNING * * *
You feel much better.
The deep elf knight hits you with a +0 short sword!
The deep elf knight is struck by your spines.
The deep elf knight barely misses you.
The deep elf knight points at you and mumbles some strange words.
The lance of force hits you!!
* * * LOW HITPOINT WARNING * * *
You are knocked back by the lance of force.
You slam into the rock wall!
* * * LOW HITPOINT WARNING * * *
The deep elf knight gestures at you while chanting.
The shard of ice misses you.
The deep elf knight points at you and mumbles some strange words.
The shard of ice hits you!!!
You die...

##+#
#...##
#...@##
#.....#
#.<...#
#....)####
#........#
#..>.ee).#
######...#
.......
####+####


You could see a deep elf knight (fast) and a deep elf zephyrmancer.

Vanquished Creatures
  Kirke (Lair:4)
  5 nagarajas (Snake:4)
  Nessos (Lair:4)
  Snorg (Lair:4)
  2 vault guards (D:13)
  2 centaur warriors (D:14)
  2 hydras
  Erica (D:10)
  6 two-headed ogres
  5 naga warriors
  An anaconda (Snake:2)
  A boulder beetle (D:11)
  3 tengu warriors
  A naga sharpshooter (Snake:3)
  2 thrashing horrors (Lair:5)
  3 orc high priests (Orc:2)
  A deep elf knight (Elf:2)
  A hell knight (Volcano)
  2 salamander mystics (Snake:3)
  2 wizards (D:14)
  A deep elf archer (Elf:1)
  3 harpies (D:14)
  5 deep elf pyromancers
  A deep elf zephyrmancer (Elf:1)
  3 mana vipers
  2 manticores (D:15)
  An orc sorcerer (Orc:2)
  5 orc knights
  12 ugly things
  10 elephants
  4 cyclopes
  4 salamanders
  A merfolk siren (Lair:2)
  13 black mambas
  5 naga magi
  A guardian serpent (Snake:3)
  5 cane toads
  A torpor snail (D:10)
  A rime drake (Lair:1)
  2 gargoyles (D:13)
  4 komodo dragons
  Maggie (D:7)
  A tengu conjurer (D:13)
  An ancient zyme (Lair:5)
  3 kobold demonologists
  Grinder (D:3)
  A merfolk (Lair:2)
  4 trolls
  A polar bear (Lair:1)
  4 blink frogs (Lair:5)
  6 slime creatures
  A dream sheep (Lair:5)
  Prince Ribbit (D:8)
  A spriggan (Lair:5)
  2 shadows
  19 yaks
  A ynoxinul (Lair:5)
  3 wraiths
  6 wyverns
  A chaos spawn (Lair:5)
  A hog (Lair:4)
  3 basilisks
  Grum (D:10)
  2 wargs
  2 redbacks (D:10)
  13 vampire mosquitoes
  20 nagas
  2 acid dragons
  Edmund (D:4)
  4 water moccasins
  25 orc warriors
  A sky beast (D:7)
  2 ogres
  8 wolves
  3 black bears
  2 ice beasts
  6 centaurs
  A phantom (D:6)
  11 bullfrogs
  4 kobold brigands
  3 gnoll sergeants
  2 scorpions
  10 wights
  11 killer bees
  10 howler monkeys
  4 electric eels
  A small abomination (Lair:5)
  4 hounds
  7 jellies
  A gnoll bouda (D:6)
  15 orc priests
  3 iguanas (D:6)
  15 orc wizards
  16 gnolls
  8 adders
  3 shadow imps
  4 white imps
  4 ufetubi
  3 worms
  10 dart slugs
  62 orcs
  3 bats
  4 endoplasms
  3 giant cockroaches
  15 goblins
  10 hobgoblins
  34 kobolds
  A quokka (D:1)
  6 ball pythons
  2 frilled lizards
  2 rats
  A spectral orc (D:9)
574 creatures vanquished.

Vanquished Creatures (collateral kills)
  6 nagarajas
  Aizul (Snake:3)
  A stone giant (D:15)
  2 vault guards (D:13)
  2 salamander tyrants
  2 hydras
  2 boulder beetles
  4 centaur warriors
  An ogre mage (Volcano)
  A naga warrior (Snake:4)
  4 two-headed ogres (Volcano)
  4 anacondas
  A tengu warrior (D:13)
  2 death yaks (D:10)
  8 naga sharpshooters
  5 shock serpents
  An orc high priest (Orc:2)
  A thrashing horror (Lair:5)
  A deep elf knight (D:13)
  4 salamander mystics (Snake:4)
  4 naga ritualists
  A deep elf archer (Elf:1)
  4 orc knights (Orc:2)
  A deep elf pyromancer (Elf:1)
  A mana viper (Snake:1)
  A wizard (D:13)
  A wolf spider (D:10)
  4 deep elf zephyrmancers (Elf:1)
  10 ugly things
  2 orc sorcerers
  2 cyclopes (D:13)
  8 salamanders
  An oklob plant (Lair:4)
  3 manticores
  12 elephants
  11 black mambas
  A guardian serpent (shapeshifter) (D:15)
  2 guardian serpents
  14 naga magi
  A smoke demon (Lair:5)
  A merfolk siren (Lair:2)
  2 cane toads
  A torpor snail (Lair:5)
  An efreet (D:13)
  2 ancient zymes (Lair:5)
  5 komodo dragons
  A troll (Orc:2)
  A polar bear (Lair:3)
  3 hornets (D:10)
  A merfolk (Lair:2)
  7 blink frogs (Lair:5)
  6 dream sheep (Lair:5)
  2 slime creatures (D:13)
  A ynoxinul (Lair:5)
  A shadow (D:13)
  2 water elementals
  A hog (Lair:4)
  3 wyverns
  5 basilisks
  22 yaks
  6 small abominations (Lair:5)
  2 chaos spawn (Lair:5)
  3 redbacks (D:10)
  A vampire mosquito (D:13)
  An acid dragon (D:12)
  4 wargs (Orc:1)
  22 nagas
  6 water moccasins
  2 ogres (Orc:2)
  14 orc warriors
  4 wolves
  3 centaurs (D:14)
  5 bullfrogs
  A scorpion (D:4)
  4 killer bees (D:10)
  An electric eel (D:15)
  10 orc priests
  3 orc wizards (Orc:2)
  A white imp (D:4)
  29 orcs
  A giant cockroach (D:4)
  14 foxfires
342 creatures vanquished.

Vanquished Creatures (others)
  A vault guard (D:13)
  An orc high priest (Orc:2)
  A deep elf knight (Elf:1)
  An orc knight (D:15)
  A mana viper (Snake:3)
  4 wolf spiders (D:10)
  An elephant (Lair:4)
  2 hornets
  2 dream sheep (Lair:5)
  6 yaks
  A naga (Snake:4)
  A water moccasin (D:10)
  A kobold brigand (D:11)
  A killer bee (D:10)
  4 ancestors
  30 battlemagi
  A gnoll (Bailey)
  2 orcs
  A goblin (Bailey)
  A bush (Lair:5)
  1624 foxfires
  33 fungi
  56 plants
  2 snaplasher vines (Snake:4)
1778 creatures vanquished.

Grand Total: 2694 creatures vanquished

Notes
Turn   | Place    | Note
-------+----------+-------------------------------------------
     0 | D:1      | croobank the Demonspawn Fire Elementalist began the quest
                  | for the Orb.
     0 | D:1      | Reached XP level 1. HP: 13/13 MP: 3/3
   239 | D:1      | Gained mutation: When seriously injured, your blood forms
                  | armour. (AC +6) [demonic ancestry]
   239 | D:1      | Reached XP level 2. HP: 19/19 MP: 0/5
   242 | D:1      | Learned a level 2 spell: Scorch
  1524 | D:2      | Reached XP level 3. HP: 24/24 MP: 1/6
  1921 | D:2      | Reached skill level 1 in Armour
  1922 | D:2      | Gained mutation: You are partially covered in sharp spines.
                  | [demonic ancestry]
  1922 | D:2      | Reached XP level 4. HP: 21/30 MP: 2/7
  2329 | D:2      | Found a faded altar of an unknown god.
  2808 | D:3      | Gained mutation: You regenerate a little health from kills.
                  | [demonic ancestry]
  2808 | D:3      | Reached XP level 5. HP: 23/35 MP: 4/8
  3417 | D:3      | Noticed Grinder
  3440 | D:3      | Killed Grinder
  3441 | D:3      | Reached skill level 5 in Armour
  3441 | D:3      | Gained mutation: You regenerate health from kills. [demonic
                  | ancestry]
  3441 | D:3      | Reached XP level 6. HP: 41/41 MP: 1/9
  4117 | D:4      | Reached XP level 7. HP: 46/46 MP: 0/10
  4402 | D:4      | Found an iron altar of Okawaru.
  4407 | D:4      | Noticed Edmund
  4426 | D:4      | Killed Edmund
  4809 | D:5      | Entered Level 5 of the Dungeon
  4809 | D:5      | Noticed a wyvern
  4817 | D:4      | Killed a wyvern
  5428 | D:5      | Gained mutation: You have large cloven feet. [demonic
                  | ancestry]
  5428 | D:5      | Reached XP level 8. HP: 43/52 MP: 0/11
  6103 | D:5      | Identified the ring "Izakhir" {rF+ rC- Str+3 Dex+4}
  6689 | D:5      | Reached skill level 1 in Fighting
  6843 | D:6      | Reached skill level 1 in Maces & Flails
  7284 | D:6      | Learned a level 3 spell: Inner Flame
  7288 | D:6      | Learned a level 3 spell: Summon Guardian Golem
  7393 | D:6      | Reached XP level 9. HP: 58/61 MP: 10/13
  7710 | D:6      | Reached skill level 1 in Hexes
  8213 | D:7      | Reached skill level 1 in Summonings
  8236 | D:7      | Found Anom's Jewellery Shop.
  8250 | D:7      | Found a staircase to the Ecumenical Temple.
  8384 | D:7      | Found a flagged portal.
  8394 | Bailey   | Entered a bailey
  8399 | Bailey   | Learned a level 3 spell: Call Canine Familiar
  8401 | Bailey   | Learned a level 1 spell: Apportation
  9097 | Bailey   | Noticed an orc knight
  9105 | Bailey   | Killed an orc knight
  9346 | Bailey   | Acquired the Lectures on Snow and Illusion
  9396 | Bailey   | Found an iron altar of Okawaru.
  9396 | Bailey   | Noticed an orc knight
  9396 | Bailey   | Noticed a kobold demonologist
  9424 | Bailey   | Killed an orc knight
  9429 | Bailey   | Noticed a rust devil
  9433 | Bailey   | Noticed an ice devil
  9434 | Bailey   | Killed a kobold demonologist
  9435 | Bailey   | Reached XP level 10. HP: 8/70 MP: 2/15
  9753 | Bailey   | Identified the +1 leather armour of Damp Divine Compulsion
                  | {Rampage rF- rN++ Dex+2}
  9829 | Bailey   | Noticed an orc knight
  9842 | Bailey   | Killed an orc knight
 10691 | D:7      | Noticed Maggie
 10765 | D:7      | Killed Maggie
 11384 | D:7      | Acquired the amulet "Hatust" {Spirit Regen+ Str-4 Dex+8
                  | SInv}
 11499 | Temple   | Entered the Ecumenical Temple
 12031 | D:8      | Noticed Prince Ribbit
 12034 | D:8      | Killed Prince Ribbit
 12086 | D:8      | Identified the +0 ring mail "Hokhlitwe" {Regen+ Str+4
                  | Int+4}
 12323 | D:8      | Reached skill level 5 in Hexes
 12323 | D:8      | Reached skill level 5 in Fire Magic
 12331 | D:8      | Found a sparkling altar of Nemelex Xobeh.
 12804 | D:8      | Reached skill level 5 in Summonings
 13115 | D:8      | Learned a level 4 spell: Summon Lightning Spire
 13127 | D:8      | Reached XP level 11. HP: 52/77 MP: 0/17
 13334 | D:9      | Reached skill level 1 in Air Magic
 13345 | D:9      | Reached skill level 1 in Translocations
 13537 | D:9      | Reached skill level 5 in Stealth
 13884 | D:9      | Identified the +1 ring mail "Reywilun" {+Blink}
 14372 | D:9      | Found a hazy altar of Hepliaklqana.
 14383 | D:9      | Became a worshipper of Hepliaklqana the Forgotten
 14576 | D:10     | Entered Level 10 of the Dungeon
 14608 | D:10     | Reached skill level 1 in Invocations
 14621 | D:10     | Reached skill level 5 in Conjurations
 14717 | D:10     | Found the +9 staff of Olgreb {rPois∞}
 14729 | D:10     | Noticed a wolf spider
 14730 | D:10     | Found a runed translucent gate.
 14730 | D:10     | Found a runed translucent gate.
 14730 | D:10     | Noticed a wolf spider
 14730 | D:10     | Noticed a wolf spider
 14731 | D:10     | Found a runed translucent door.
 14754 | D:10     | Found a runed translucent gate.
 14757 | D:10     | Found a runed translucent door.
 14758 | D:10     | Noticed a wolf spider
 14762 | D:10     | Noticed a wolf spider
 14833 | D:10     | Found a staircase to the Lair.
 14843 | D:10     | Noticed Grum
 14859 | D:10     | Killed Grum
 14906 | D:10     | Reached skill level 2 in Invocations
 15287 | D:10     | Reached skill level 5 in Dodging
 15359 | D:10     | Noticed Erica
 15381 | D:10     | Killed Erica
 15382 | D:10     | Reached skill level 5 in Spellcasting
 15612 | D:10     | Reached skill level 3 in Invocations
 15927 | D:11     | Noticed a two-headed ogre
 15939 | D:11     | Reached skill level 5 in Fighting
 15945 | D:11     | Killed a two-headed ogre
 15946 | D:11     | Reached skill level 4 in Invocations
 16350 | D:11     | Noticed a boulder beetle
 16374 | D:11     | Killed a boulder beetle
 16375 | D:11     | Gained mutation: You have hoof-like feet. [demonic
                  | ancestry]
 16375 | D:11     | Reached XP level 12. HP: 86/86 MP: 3/19
 17269 | D:11     | Found a hide-covered altar of Uskayaw.
 17605 | D:12     | Reached * piety under Hepliaklqana
 17776 | D:12     | Found a staircase to the Orcish Mines.
 18002 | D:12     | Noticed a two-headed ogre
 18011 | D:12     | Killed a two-headed ogre
 18012 | D:12     | Reached skill level 5 in Invocations
 18246 | D:12     | Reached skill level 5 in Maces & Flails
 18540 | D:13     | Noticed a centaur warrior
 19187 | D:12     | Noticed a two-headed ogre
 19198 | D:12     | Killed a two-headed ogre
 19607 | D:13     | Reached ** piety under Hepliaklqana
 19608 | D:13     | Remembered your ancestor Merenptah as a battlemage
 19716 | D:13     | Noticed a vault guard
 19825 | D:13     | Noticed a tengu warrior
 19926 | Lair:1   | Entered Level 1 of the Lair of Beasts
 19927 | Lair:1   | Noticed a death yak
 19927 | Lair:1   | Noticed a death yak
 20153 | D:10     | Learned a level 3 spell: Swiftness
 20169 | D:10     | Killed a death yak
 20174 | D:10     | Killed a death yak
 20175 | D:10     | Reached skill level 6 in Invocations
 20327 | Lair:1   | Acquired a staff of fire
 20473 | Lair:1   | Noticed a seven-headed hydra
 20480 | Lair:1   | Killed a seven-headed hydra
 20802 | Lair:1   | Noticed a six-headed hydra
 20806 | Lair:1   | Killed a six-headed hydra
 21096 | Lair:1   | Identified the +1 robe of Bemihiah {rElec Str+4 Int-3 SInv}
 21415 | Lair:2   | Reached *** piety under Hepliaklqana
 21484 | Lair:2   | Found a dark tunnel.
 21518 | Volcano  | Entered a volcano
 21521 | Volcano  | Noticed a two-headed ogre
 21528 | Volcano  | Killed a two-headed ogre
 21529 | Volcano  | Reached XP level 13. HP: 57/83 MP: 9/21
 21570 | Volcano  | Reached skill level 7 in Invocations
 21575 | Volcano  | Reached skill level 5 in Air Magic
 22466 | Lair:2   | Found a staircase to the Shoals.
 23445 | Lair:3   | Reached **** piety under Hepliaklqana
 23891 | Lair:3   | Reached skill level 8 in Invocations
 24014 | Lair:3   | Found a staircase to the Snake Pit.
 24086 | Lair:3   | Identified the +1 flail of Ignis's Inspiration {protect,
                  | Str+3}
 24342 | Lair:4   | Noticed Snorg
 24359 | Lair:4   | Killed Snorg
 24534 | Lair:4   | Noticed Nessos
 24538 | Lair:4   | Paralysed by Nessos for 3 turns
 24559 | Lair:4   | Killed Nessos
 24718 | Lair:4   | Noticed Kirke
 24730 | Lair:4   | Noticed a sphinx
 24734 | Lair:4   | Killed Kirke
 25051 | Lair:4   | Reached XP level 14. HP: 90/90 MP: 12/23
 25378 | Lair:4   | Learned a level 5 spell: Summon Mana Viper
 25626 | Lair:4   | Reached ***** piety under Hepliaklqana
 25631 | Lair:4   | Found a staircase to the Slime Pits.
 26132 | D:10     | Reached skill level 9 in Invocations
 26760 | Lair:5   | Entered Level 5 of the Lair of Beasts
 26950 | Lair:5   | Reached skill level 1 in Staves
 28412 | Lair:5   | Reached skill level 10 in Invocations
 28458 | Lair:5   | Reached skill level 5 in Translocations
 29087 | Lair:5   | Found a corrupted altar of Lugonu.
 29087 | Lair:5   | Found a one-way gate to the infinite horrors of the Abyss.
 29508 | Orc:1    | Entered Level 1 of the Orcish Mines
 29509 | Orc:1    | You fall into a shaft and drop 1 floor!
 29509 | Orc:2    | Entered Level 2 of the Orcish Mines
 29632 | Orc:2    | Found a staircase to the Elven Halls.
 30364 | Orc:1    | Reached XP level 15. HP: 97/97 MP: 15/25
 30564 | Orc:2    | Paralysed by an orc sorcerer for 3 turns
 32363 | Orc:2    | Found Vunyvi's Assorted Antiques.
 32363 | Orc:2    | Found Cetwiut's Jewellery Shop.
 32364 | Orc:2    | Found Ughasm's Book Shop.
 32364 | Orc:2    | Found Isyh Hacsu's Weapon Boutique.
 32375 | Orc:2    | Bought the ring "Ema Rurch" {rF++ rCorr Slay+4} for 1691
                  | gold pieces
 33269 | D:13     | Reached skill level 10 in Summonings
 33783 | D:13     | Reached skill level 11 in Invocations
 34183 | D:13     | Paralysed by an orc sorcerer for 2 turns
 34262 | D:13     | Found a gate to the Vaults.
 35173 | D:14     | Found a blossoming altar of Fedhas.
 36249 | D:15     | Entered Level 15 of the Dungeon
 36671 | D:15     | Found an iron altar of Okawaru.
 36939 | D:15     | Reached skill level 5 in Staves
 37338 | D:15     | Found a staircase to the Depths.
 37347 | D:15     | Gained mutation: You have hooves in place of feet. [demonic
                  | ancestry]
 37347 | D:15     | Reached XP level 16. HP: 71/105 MP: 8/27
 37850 | Snake:1  | Entered Level 1 of the Snake Pit
 38403 | Snake:1  | Reached skill level 12 in Invocations
 38536 | Snake:1  | Found Joruarei's Antique Armour Shoppe.
 38537 | Snake:1  | Found Suhom's Book Emporium.
 38537 | Snake:1  | Found Xotaskog's Book Shoppe.
 38667 | Snake:1  | Found Zurarine's Weapon Emporium.
 39624 | Snake:2  | Reached ****** piety under Hepliaklqana
 40977 | Snake:3  | Noticed Aizul
 40989 | Snake:3  | Killed Aizul
 42624 | Snake:3  | Identified the +4 halberd of Ecvin {drain, Contam Will+
                  | Str+3 Int+4}
 43168 | Snake:1  | Bought a Fen Folio for 714 gold pieces
 43174 | Snake:1  | Learned a level 5 spell: Summon Forest
 43786 | Snake:3  | Found Taewaug's Magic Scroll Shoppe.
 43876 | Snake:4  | Entered Level 4 of the Snake Pit
 43964 | Snake:4  | Identified the +5 short sword "Nupoc" {antimagic, rElec
                  | Str+4 Dex+4}
 44085 | Snake:4  | Found Yxaepuon's Magic Scroll Shop.
 44547 | Snake:4  | Found Daraugh's Gadget Gallery.
 44630 | Snake:4  | Reached skill level 13 in Invocations
 45141 | Snake:4  | Gained mutation: You are mostly covered in sharp spines.
                  | [demonic ancestry]
 45141 | Snake:4  | Reached XP level 17. HP: 111/111 MP: 0/29
 45475 | Snake:4  | Got a serpentine rune of Zot
 46746 | Elf:1    | Entered Level 1 of the Elven Halls
 46993 | Elf:1    | Found Noacs's Magic Scroll Shoppe.
 47035 | Elf:1    | You fall into a shaft and drop 1 floor!
 47052 | Elf:2    | Killed from afar by a deep elf knight

Illustrated notes

Levels and vault maps discovered:
D:1:      roderic_chinese_lattice_arrival, layout_basic,
          amcnicky_mini_pool_small, supply_closet_lemuel
D:2:      layout_basic, dreamdust_ecumenical_altar_angels_and_demons
D:3:      kennysheep_slugbush, layout_basic,
          mainiacjoe_overflow_small_starburst, uniq_grinder
D:4:      layout_rooms, mainiacjoe_overflow_catwalk,
          chequers_serial_rivers_micro_c, hangedman_decor_slide_cut, uniq_edmund
D:5:      layout_rooms
D:6:      layout_basic, minmay_quadrilaterals
D:7:      layout_rooms, minmay_temple_entry_large_hall, enter_bailey_3,
          serial_shops, kennysheep_mini, st_stairs_9, minmay_crystal_room,
          uniq_maggie
D:8:      layout_loops_ring, nicolae_elyvilon_temple_path,
          mainiacjoe_overflow_alcove_2, uniq_prince_ribbit1
D:9:      layout_long_grid, nicolae_hepliaklqana_monster_ancestors,
          solitary_fountain
D:10:     layout_big_octagon, david_lair_generic,
          minmay_guarded_unrand_staff_of_olgreb, uniq_grum, uniq_erica
D:11:     layout_basic, nicolae_uskayaw_dance_studio
D:12:     layout_loops_corners, minmay_orc_entry_temple_small
D:13:     layout_stronghold, grunt_vaults_entry_fortified
D:14:     layout_basic, fedhas_altar_2
D:15:     grunt_enter_depths_snipers, layout_basic, okawaru_gym_becter
Temple:   bh_familiar_temple
Lair:1:   layout_chaotic_city, minivault_25, serial_bayou_lagoon_a
Lair:2:   layout_cave_pods, elwin_shoals_entry_stream,
          nicolae_volcano_entry_lava_flow
Lair:3:   layout_regular_city, minmay_snake_entry_guardpost_medium,
          grunt_megastairs_3
Lair:4:   layout_concentric_octagons, minmay_slime_entry_oklob_enclosed,
          uniq_snorg, uniq_nessos, uniq_kirke
Lair:5:   hellmonk_lair_end_abyssal_woods, layout_long_grid, grunt_megastairs_2
Snake:1:  layout_onion, minmay_shoptagon
Snake:2:  layout_chambers, special_room
Snake:3:  layout_rooms, nicolae_take_the_stairs, uniq_aizul
Snake:4:  snake_pit, layout_misc_corridors, serial_shops,
          nicolae_shop_advertising_works [nicolae_subvault_shop_adworks],
          nicolae_shop_gadgets, lemuel_fruit_tree, serial_bayou_shore_b
Orc:1:    layout_diamond_mine, mines5_lemuel
Orc:2:    st_orc_pillars, layout_caves, nicolae_orc_flooded_monolith,
          nicolae_orc_crystal_geode
Elf:1:    minmay_elf_arrival_circle, layout_loops_cross, serial_shops,
          nicolae_shop_crystal, minmay_elf_necromancy
Elf:2:    elven_hall_of_blades_hangedman_alternative
          [nicolae_blade_entry_hurt_lockers], layout_gridlike, serial_shops,
          shop_statue, hangedman_elf_represent

Skill      XL: |  1  2  3  4  5  6  7  8  9 10 11 12 13 14 15 16 17 |
---------------+----------------------------------------------------+-----
Stealth        | 2 3 4 5 6 7 8 9 |  9.2
Dodging        | 2 3 4 5 6 7 8 |  8.5
Fire Magic     | 3 4 5 6 7 8 |  8.7
Armour         | 1 3 5 7 8 |  8.3
Conjurations   | 2 3 4 5 6 7 8 |  8.9
Fighting       | 2 3 4 5 6 7 8 |  8.9
Maces & Flails | 1 3 4 5 6 |  6.1
Spellcasting   | 3 4 5 6 7 8 |  8.5
Hexes          | 3 5 6 7 |  7.0
Summonings     | 3 5 6 7 8 9 10 11 12 | 12.0
Air Magic      | 3 4 6 7 |  7.0
Translocations | 2 3 4 5 6 |  6.7
Invocations    | 4 6 8 10 11 13 | 13.7
Staves         | 3 5 6 7 |  7.4

Action                   |  1- 3 |  4- 6 |  7- 9 | 10-12 | 13-15 | 16-18 || total
-------------------------+-------+-------+-------+-------+-------+-------++-------
Melee: Dagger            |    26 |     3 |       |       |       |       ||    29
       Short sword       |       |    14 |     4 |       |     5 |    25 ||    48
       Flail             |       |       |    97 |   305 |   209 |    93 ||   704
       Punch             |       |       |     2 |     4 |     7 |       ||    13
       Kick              |       |       |    23 |   116 |   119 |    56 ||   314
       Staff             |       |       |       |     5 |    42 |       ||    47
Throw: Dart              |     3 |       |       |       |       |       ||     3
       Throwing net      |       |       |     2 |     1 |     2 |       ||     5
 Cast: Foxfire           |    17 |    71 |   105 |   195 |   406 |   151 ||   945
       Scorch            |    16 |    11 |    87 |   174 |   153 |   141 ||   582
       Summon Guardian G |       |       |     2 |    14 |    26 |     6 ||    48
       Call Canine Famil |       |       |     1 |     4 |       |     2 ||     7
       Inner Flame       |       |       |       |    11 |    23 |     2 ||    36
       Summon Lightning  |       |       |       |     4 |    85 |    30 ||   119
       Swiftness         |       |       |       |     1 |     1 |     1 ||     3
       Summon Mana Viper |       |       |       |       |    11 |    34 ||    45
       Apportation       |       |       |       |       |     1 |       ||     1
       Summon Forest     |       |       |       |       |       |     8 ||     8
Invok: Ancestor Life: Ba |       |       |       |     1 |       |       ||     1
       Recall Ancestor   |       |       |       |       |     1 |     1 ||     2
Evoke: Wand              |       |       |       |       |     5 |     5 ||    10
       Phantom mirror    |       |       |       |       |       |     1 ||     1
  Use: Potion            |     1 |     1 |     7 |     1 |     8 |     5 ||    23
       Scroll            |       |    18 |     8 |    15 |     8 |     9 ||    58
 Stab: Sleeping          |     1 |       |       |     4 |     1 |     1 ||     7
       Distracted        |       |       |       |     2 |     6 |     4 ||    12
       Invisible         |       |       |       |       |     4 |       ||     4
Armor: Robe              |     4 |       |       |       |       |     1 ||     5
       Leather armour    |    16 |     6 |    43 |    11 |   113 |     1 ||   190
       Ring mail         |       |       |       |    84 |       |    61 ||   145
Dodge: Dodged            |    36 |     9 |   145 |   427 |   339 |   135 ||  1091
Block: Other             |       |       |       |       |     9 |       ||     9
       Reflection        |       |       |       |       |     4 |       ||     4
